[ PARTIDA AOE2 · #480287135 ]
UnrankedDrávidas vs Koreans
Equipo del jugador · VICT
Equipo rival · DERR
[ ANÁLISIS DE REPETICIÓN · EXTRAÍDO DE LA PARTIDA GRABADA ]
Feudal
9:41
Castillos
23:17
Imperial
40:12
| APM promedio | 47.5 |
| APM pico | 83 |
| eAPM promedio | 18.7 |
| Aldeanos / militares | 78 / 65 |
Foco
⚔️ 39.3% · 🌾 60.7%
Archer ×39 · Skirmisher ×7 · Urumi Swordsman ×6 · Elephant Archer ×4 · Mangonel ×3 · Militia ×2
Feudal
8:56
Castillos
27:30
Imperial
—
| APM promedio | 86.3 |
| APM pico | 162 |
| eAPM promedio | 25.5 |
| Aldeanos / militares | 141 / 236 |
Foco
⚔️ 39.8% · 🌾 60.2%
Skirmisher ×158 · Archer ×38 · Knight ×30 · Spearman ×10
Mapa de la partida
Recursos iniciales + cada clic de construcción. Líneas = muros · curvas = relieve. ◆ oro · ⬟ piedra · ● bayas · ✦ reliquia · ◌ hueco del cierre
Tu base· Abierta — flanco sin cerrar
Base de Joa_aoe· Abierta — hueco de 2t
Terreno inicial suavizado · ◌ = hueco del cierre detectado · pasá el cursor para detalles
Inputs por minuto
— tavoo - - Joa_aoe
Build order — tavoo
Primeras 150 de 215 acciones detectadas
| 0:00 | Crear | Villager (Male) |
| 0:03 | Construir | House |
| 0:05 | Construir | House |
| 0:08 | Crear | Villager (Male) |
| 0:09 | Crear | Villager (Male) |
| 0:09 | Crear | Villager (Male) |
| 1:32 | Crear | Villager (Male) |
| 1:32 | Crear | Villager (Male) |
| 1:54 | Crear | Villager (Male) |
| 2:22 | Crear | Villager (Male) |
| 2:22 | Crear | Villager (Male) |
| 2:29 | Construir | Lumber Camp |
| 2:36 | Construir | Lumber Camp |
| 2:48 | Crear | Villager (Male) |
| 3:14 | Construir | House |
| 3:47 | Crear | Villager (Male) |
| 4:14 | Crear | Villager (Male) |
| 4:14 | Crear | Villager (Male) |
| 4:39 | Crear | Villager (Male) |
| 4:56 | Crear | Villager (Male) |
| 5:22 | Crear | Villager (Male) |
| 5:32 | Crear | Villager (Male) |
| 5:35 | Construir | Mill |
| 6:28 | Crear | Villager (Male) |
| 6:28 | Crear | Villager (Male) |
| 6:28 | Crear | Villager (Male) |
| 6:28 | Crear | Villager (Male) |
| 6:29 | Crear | Villager (Male) |
| 6:40 | Investigar | Loom |
| 7:31 | Investigar | Feudal Age |
| 7:33 | Construir | Barracks |
| 7:52 | Construir | House |
| 8:24 | Crear | Villager (Male) |
| 8:24 | Crear | Villager (Male) |
| 8:28 | Crear | Militia |
| 8:28 | Crear | Militia |
| 8:37 | Crear | Villager (Male) |
| 8:38 | Crear | Villager (Male) |
| 9:23 | Construir | Mining Camp |
| 9:26 | Crear | Villager (Male) |
| 9:41 | Edad | Edad Feudal |
| 9:41 | Crear | Spearman |
| 9:43 | Crear | Villager (Male) |
| 9:47 | Construir | Archery Range |
| 9:54 | Investigar | Double-Bit Axe |
| 10:16 | Crear | Spearman |
| 10:21 | Construir | House |
| 10:24 | Construir | House |
| 10:35 | Investigar | Man-at-Arms (upgrade) |
| 10:50 | Construir | Archery Range |
| 10:52 | Crear | Skirmisher |
| 11:12 | Construir | House |
| 11:21 | Crear | Villager (Male) |
| 11:59 | Crear | Villager (Male) |
| 12:01 | Crear | Archer |
| 12:02 | Crear | Skirmisher |
| 12:03 | Construir | House |
| 12:20 | Crear | Villager (Male) |
| 12:23 | Crear | Archer |
| 12:25 | Construir | Blacksmith |
| 12:32 | Crear | Archer |
| 12:32 | Crear | Archer |
| 12:35 | Construir | House |
| 12:44 | Construir | Palisade Wall |
| 12:58 | Crear | Skirmisher |
| 13:03 | Construir | Farm |
| 13:04 | Crear | Villager (Male) |
| 13:08 | Construir | House |
| 13:11 | Construir | House |
| 13:13 | Construir | Palisade Wall |
| 13:20 | Construir | Farm |
| 13:23 | Crear | Archer |
| 13:38 | Construir | Farm |
| 13:46 | Crear | Archer |
| 14:23 | Investigar | Fletching |
| 14:28 | Crear | Archer |
| 14:29 | Crear | Archer |
| 14:38 | Construir | Mill |
| 14:42 | Crear | Archer |
| 14:42 | Crear | Archer |
| 14:46 | Construir | Palisade Wall |
| 15:31 | Crear | Villager (Male) |
| 15:35 | Crear | Archer |
| 15:36 | Crear | Archer |
| 15:41 | Construir | Farm |
| 15:45 | Construir | House |
| 15:59 | Construir | Farm |
| 16:01 | Crear | Villager (Male) |
| 16:06 | Crear | Archer |
| 16:06 | Crear | Archer |
| 16:10 | Construir | Farm |
| 16:21 | Construir | House |
| 16:27 | Investigar | Padded Archer Armor |
| 16:29 | Construir | Farm |
| 17:17 | Crear | Villager (Male) |
| 17:23 | Construir | Market |
| 17:44 | Crear | Archer |
| 17:44 | Crear | Archer |
| 18:13 | Crear | Villager (Male) |
| 18:16 | Construir | Farm |
| 18:49 | Crear | Villager (Male) |
| 18:50 | Construir | Farm |
| 18:53 | Construir | Farm |
| 18:54 | Investigar | Horse Collar |
| 19:23 | Crear | Archer |
| 19:23 | Crear | Archer |
| 20:11 | Crear | Archer |
| 20:11 | Crear | Archer |
| 20:37 | Investigar | Castle Age |
| 21:28 | Construir | Mining Camp |
| 22:05 | Crear | Archer |
| 22:05 | Crear | Archer |
| 22:05 | Crear | Archer |
| 23:03 | Crear | Archer |
| 23:03 | Crear | Archer |
| 23:04 | Crear | Archer |
| 23:17 | Edad | Edad de los Castillos |
| 23:20 | Construir | Town Center |
| 23:22 | Crear | Villager (Male) |
| 23:25 | Investigar | Crossbowman (upgrade) |
| 23:47 | Crear | Archer |
| 23:59 | Construir | Siege Workshop |
| 24:02 | Crear | Villager (Male) |
| 24:08 | Crear | Villager (Male) |
| 24:08 | Crear | Villager (Male) |
| 24:18 | Investigar | Bodkin Arrow |
| 24:22 | Crear | Skirmisher |
| 24:23 | Crear | Skirmisher |
| 24:25 | Crear | Villager (Male) |
| 24:44 | Investigar | Gold Mining |
| 24:53 | Crear | Skirmisher |
| 24:53 | Crear | Skirmisher |
| 25:03 | Crear | Archer |
| 25:42 | Crear | Armored Elephant |
| 26:16 | Crear | Villager (Male) |
| 26:17 | Crear | Villager (Male) |
| 26:33 | Construir | Lumber Camp |
| 26:35 | Construir | Town Center |
| 27:27 | Crear | Villager (Male) |
| 27:31 | Crear | Villager (Male) |
| 27:32 | Crear | Villager (Male) |
| 27:35 | Investigar | Wheelbarrow |
| 27:57 | Crear | Mangonel |
| 29:10 | Crear | Mangonel |
| 29:13 | Crear | Villager (Male) |
| 29:13 | Crear | Villager (Male) |
| 29:14 | Crear | Villager (Male) |
| 29:14 | Crear | Villager (Male) |
| 29:21 | Investigar | Town Watch |
| 30:04 | Crear | Villager (Male) |
Build order — Joa_aoe
Primeras 150 de 332 acciones detectadas
| 0:00 | Crear | Villager (Male) ×4 |
| 0:00 | Crear | Villager (Male) ×4 |
| 0:02 | Construir | House |
| 0:03 | Construir | House |
| 1:38 | Crear | Villager (Male) |
| 1:38 | Crear | Villager (Male) |
| 1:39 | Crear | Villager (Male) |
| 1:52 | Crear | Villager (Male) |
| 1:53 | Crear | Villager (Male) |
| 1:55 | Construir | Lumber Camp |
| 2:24 | Crear | Villager (Male) |
| 2:24 | Crear | Villager (Male) |
| 2:50 | Crear | Villager (Male) |
| 2:50 | Crear | Villager (Male) |
| 3:03 | Crear | Villager (Male) |
| 3:03 | Crear | Villager (Male) |
| 3:03 | Crear | Villager (Male) |
| 3:33 | Crear | Villager (Male) |
| 3:33 | Crear | Villager (Male) |
| 3:33 | Crear | Villager (Male) |
| 3:52 | Construir | House |
| 4:09 | Crear | Villager (Male) |
| 4:09 | Crear | Villager (Male) |
| 4:09 | Crear | Villager (Male) |
| 4:22 | Construir | Mill |
| 4:25 | Construir | Mill |
| 4:28 | Crear | Villager (Male) |
| 4:28 | Crear | Villager (Male) |
| 4:35 | Crear | Villager (Male) |
| 4:35 | Crear | Villager (Male) |
| 5:14 | Crear | Villager (Male) |
| 5:14 | Crear | Villager (Male) |
| 5:14 | Crear | Villager (Male) |
| 5:28 | Investigar | Loom |
| 6:46 | Investigar | Feudal Age |
| 6:46 | Investigar | Feudal Age |
| 7:46 | Construir | Barracks |
| 7:49 | Construir | House |
| 8:20 | Crear | Villager (Male) |
| 8:56 | Edad | Edad Feudal |
| 8:58 | Construir | Archery Range |
| 8:59 | Investigar | Double-Bit Axe |
| 8:59 | Investigar | Double-Bit Axe |
| 9:03 | Construir | Mining Camp |
| 9:04 | Crear | Villager (Male) |
| 9:17 | Construir | House |
| 9:28 | Crear | Villager (Male) |
| 9:28 | Crear | Villager (Male) |
| 9:28 | Crear | Villager (Male) |
| 9:38 | Crear | Archer ×2 |
| 9:38 | Crear | Archer ×2 |
| 9:40 | Construir | Palisade Gate |
| 9:48 | Crear | Villager (Male) |
| 9:48 | Crear | Villager (Male) |
| 9:48 | Crear | Villager (Male) |
| 10:10 | Crear | Archer |
| 10:10 | Crear | Archer |
| 10:20 | Crear | Spearman |
| 10:20 | Crear | Spearman |
| 10:25 | Construir | Farm |
| 10:48 | Crear | Villager (Male) |
| 10:48 | Crear | Villager (Male) |
| 10:55 | Construir | Blacksmith |
| 10:59 | Crear | Spearman |
| 11:05 | Crear | Archer ×2 |
| 11:26 | Crear | Villager (Male) |
| 11:30 | Construir | House |
| 12:09 | Crear | Villager (Male) |
| 12:27 | Construir | Farm |
| 12:29 | Construir | Farm |
| 12:32 | Construir | Farm |
| 12:34 | Crear | Archer ×3 |
| 12:34 | Crear | Archer ×3 |
| 12:36 | Crear | Villager (Male) |
| 12:37 | Crear | Villager (Male) |
| 12:45 | Construir | House |
| 12:46 | Construir | House |
| 12:47 | Construir | Palisade Wall |
| 13:03 | Crear | Villager (Male) |
| 13:03 | Crear | Villager (Male) |
| 13:04 | Crear | Villager (Male) |
| 13:31 | Construir | Lumber Camp |
| 13:35 | Construir | House |
| 13:37 | Construir | Palisade Wall |
| 13:40 | Construir | Palisade Wall |
| 13:41 | Crear | Villager (Male) |
| 13:51 | Crear | Archer ×3 |
| 13:52 | Crear | Archer ×3 |
| 13:52 | Crear | Archer ×3 |
| 13:58 | Crear | Villager (Male) |
| 13:59 | Crear | Villager (Male) |
| 14:02 | Construir | Farm |
| 14:12 | Crear | Villager (Male) |
| 14:37 | Crear | Villager (Male) |
| 14:42 | Construir | Archery Range |
| 14:48 | Crear | Archer ×2 |
| 15:13 | Crear | Villager (Male) |
| 15:21 | Construir | Farm |
| 15:21 | Construir | Farm |
| 15:22 | Construir | Farm |
| 15:22 | Construir | Farm |
| 15:22 | Construir | Farm |
| 15:22 | Construir | Farm |
| 15:32 | Crear | Archer |
| 15:34 | Crear | Villager (Male) |
| 15:34 | Crear | Villager (Male) |
| 15:38 | Crear | Archer ×3 |
| 15:38 | Crear | Archer ×3 |
| 15:43 | Crear | Villager (Male) |
| 15:43 | Crear | Villager (Male) |
| 16:01 | Investigar | Fletching |
| 16:01 | Investigar | Fletching |
| 16:11 | Construir | Farm |
| 16:12 | Construir | Farm |
| 16:12 | Construir | Farm |
| 16:12 | Construir | Farm |
| 16:12 | Construir | Farm |
| 16:12 | Construir | Farm |
| 16:13 | Construir | Farm |
| 16:13 | Construir | Farm |
| 16:13 | Construir | Farm |
| 16:14 | Crear | Villager (Male) |
| 16:14 | Crear | Villager (Male) |
| 16:21 | Crear | Archer |
| 16:21 | Crear | Archer |
| 16:33 | Construir | House |
| 16:35 | Construir | Palisade Wall |
| 16:52 | Crear | Skirmisher ×5 |
| 16:52 | Crear | Villager (Male) |
| 17:10 | Crear | Villager (Male) |
| 17:10 | Crear | Villager (Male) |
| 17:20 | Construir | Palisade Wall |
| 17:23 | Crear | Skirmisher ×4 |
| 17:24 | Crear | Skirmisher ×4 |
| 17:24 | Crear | Skirmisher ×4 |
| 17:37 | Crear | Skirmisher |
| 17:40 | Crear | Villager (Male) |
| 17:40 | Crear | Villager (Male) |
| 17:47 | Construir | Farm |
| 17:59 | Crear | Skirmisher ×5 |
| 18:04 | Construir | Farm |
| 18:06 | Construir | Farm |
| 18:06 | Crear | Villager (Male) |
| 18:25 | Crear | Villager (Male) |
| 18:25 | Crear | Villager (Male) |
| 18:28 | Crear | Skirmisher ×2 |
| 18:29 | Crear | Skirmisher ×3 |
| 18:47 | Crear | Villager (Male) |
| 19:27 | Crear | Skirmisher ×5 |
| 19:27 | Crear | Villager (Male) |
Cronología de la partida
| 7:33 | tavoo · first_building Barracks |
| 7:46 | Joa_aoe · first_building Barracks |
| 8:56 | Joa_aoe · age_up feudal |
| 8:58 | Joa_aoe · first_building Archery Range |
| 9:41 | tavoo · age_up feudal |
| 9:47 | tavoo · first_building Archery Range |
| 12:44 | tavoo · wall_segment Palisade Wall x1 |
| 12:47 | Joa_aoe · wall_segment Palisade Wall x1 |
| 13:13 | tavoo · wall_segment Palisade Wall x1 |
| 13:37 | Joa_aoe · wall_segment Palisade Wall x3 |
| 13:40 | Joa_aoe · wall_segment Palisade Wall x6 |
| 14:46 | tavoo · wall_segment Palisade Wall x1 |
| 16:35 | Joa_aoe · wall_segment Palisade Wall x3 |
| 17:20 | Joa_aoe · wall_segment Palisade Wall x3 |
| 22:05 | Joa_aoe · wall_segment Palisade Wall x1 |
| 22:05 | Joa_aoe · wall_segment Palisade Wall x1 |
| 23:17 | tavoo · age_up castle |
| 23:22 | Joa_aoe · wall_segment Palisade Wall x11 |
| 23:59 | tavoo · first_building Siege Workshop |
| 24:14 | tavoo · first_market_sell 100 food |
| 24:35 | Joa_aoe · first_market_buy 100 food |
| 24:52 | Joa_aoe · wall_segment Palisade Wall x1 |
| 27:30 | Joa_aoe · age_up castle |
| 29:20 | Joa_aoe · first_building Stable |
| 31:14 | Joa_aoe · first_building Castle |
| 31:42 | tavoo · first_building Castle |
| 33:10 | Joa_aoe · first_market_sell 100 wood |
| 36:59 | tavoo · first_market_buy 100 food |
| 40:12 | tavoo · age_up imperial |
| 40:49 | Joa_aoe · resign |
[ ANÁLISIS IA · 1 CRÉDITO ]
¿Qué pasó realmente en esta partida?
Wolo.gg analiza cada decisión: build order, eco, micro, errores típicos por bracket. Análisis personalizado por WhatsApp o Discord en 30 segundos.
Guía civ
Drávidas
Perfil
Jugador #116353